 Dungeon Crawl Stone Soup version 0.27-a0-1532-gca18f49f40 (webtiles) character file.

Game seed: 1659067718746819686

6 dolemite99 the Poker (level 1, -2/16 HPs)
             Began as a Merfolk Gladiator on July 13, 2021.
             Slain by a quokka (4 damage)
             ... on level 2 of the Dungeon.
             The game lasted 00:00:15 (342 turns).

dolemite99 the Poker (Merfolk Gladiator)             Turns: 342, Time: 00:00:15

Health: -2/16      AC:  4    Str: 14    XL:     1   Next: 90%
Magic:  1/1        EV: 13    Int:  7    God:
Gold:   0          SH:  0    Dex: 15    Spells: 0/0 levels left

rFire    . . .     SeeInvis .   a - +0 trident
rCold    . . .     Faith    .   (no shield)
rNeg     . . .     Spirit   .   b - +0 leather armour
rPois    .         Reflect  .   c - +0 helmet
rElec    .         Harm     .   (no cloak)
rCorr    .         Rampage  .   (no gloves)
Will     .....                  (no boots)
Stlth    +.........             (no amulet)
HPRegen  0.05/turn              (no ring)
MPRegen  0.07/turn              (no ring)

@: no status effects
A: (nimble swimmer 2), mertail
a: no special abilities


You were on level 2 of the Dungeon.
You visited 1 branch of the dungeon, and saw 2 of its levels.

Inventory:

Hand Weapons
 a - a +0 trident (weapon)
Missiles
 d - 3 throwing nets (quivered)
Armour
 b - a +0 leather armour (worn)
 c - a +0 helmet (worn)


   Skills:
 - Level 2.1 Fighting
 + Level 5.1 Polearms
 - Level 2.0 Throwing
 - Level 4.0 Dodging


You couldn't memorise any spells.
You didn't know any spells.
Your spell library was empty.

Dungeon Overview and Level Annotations

Branches:
Dungeon (2/15)

Altars:


Innate Abilities, Weirdness & Mutations

((You are quick and stealthy near water. (Stealth+, EV+, Speed+++)))
Your lower body shifts to a powerful aquatic tail in water.


Message History

The ball python hisses angrily.
Found 12 gold pieces, a scroll labelled VAB RIMIGIUSU and a short sword.
Found a stone staircase leading down and a stone staircase leading up.
A quokka comes into view.
Unknown command.
Found a bone wand.
You reach to attack!
You miss the quokka.
A quokka comes into view.
You hit the quokka but do no damage. The quokka bites you.
The quokka closely misses you.
You hit the quokka but do no damage. The quokka bites you.
The quokka closely misses you.
You closely miss the quokka. The ball python closely misses you.
The ball python completely misses you.
The quokka bites you but does no damage.
The quokka barely misses you.
You barely miss the quokka.
The ball python bites you but does no damage.
The ball python barely misses you. The quokka misses you.
The quokka closely misses you.
You closely miss the quokka. The ball python bites you.
The ball python grabs you. The ball python constricts you.
The quokka bites you but does no damage.
The quokka barely misses you. The quokka closely misses you.
The ball python misses you. The ball python constricts you.
The quokka barely misses you.
You hit the ball python.
You kill the ball python!
The quokka barely misses you. The quokka bites you. The quokka misses you.
The quokka closely misses you.
Found a metallic pink potion.
The quokka bites you but does no damage.
The quokka closely misses you. The quokka bites you.
You hit the quokka but do no damage. The quokka bites you.
* * * LOW HITPOINT WARNING * * *
The quokka bites you.
* * * LOW HITPOINT WARNING * * *
You closely miss the quokka. The quokka bites you.
You die...

.# # #....<..
..## .........
...#
.....).#.#.#.###
........#/#....
.......#!..#.#
........#?#..#
..$....#.#r#.#
...........@r#
#>.....†....##
#############


You could see 2 quokkas.

Vanquished Creatures
  A goblin (D:1)
  A hobgoblin (D:1)
  A kobold (D:1)
  A ball python (D:2)
  A bat (D:1)
  A rat (D:1)
6 creatures vanquished.

Notes
Turn   | Place    | Note
-------+----------+-------------------------------------------
     0 | D:1      | dolemite99 the Merfolk Gladiator began the quest for the
                  | Orb.
     0 | D:1      | Reached XP level 1. HP: 16/16 MP: 1/1
   302 | D:1      | Reached skill level 5 in Polearms
   325 | D:1      | Found a faded altar of an unknown god.
   325 | D:1      | You fall into a shaft and drop 1 floor!
   342 | D:2      | Slain by a quokka

Illustrated notes

Levels and vault maps discovered:
D:1:      lightli_arrival_statue_moat, layout_loops_ring, serial_rivers,
          chequers_serial_rivers_marsh, chequers_serial_rivers_micro_b,
          chequers_serial_rivers_room_a, chequers_serial_rivers_large_a,
          chequers_ecumenical_altar_simple_redux,
          wander_ebering_terrifying_dragon_lair
D:2:      layout_rooms, serial_forest, infiniplex_forest_lined_room_3,
          infiniplex_forest_clump_long, infiniplex_forest_clump_medium,
          infiniplex_forest_clump_long, infiniplex_forest_straight_2,
          infiniplex_forest_straight_3, minmay_tiny_reverse_x, uniq_natasha

Skill      XL: |  1 |
---------------+----+-----
Polearms       | 5 |  5.1
Fighting       | |  2.1
Throwing       | |  2.0
Dodging        | |  4.0

Action                   || total
-------------------------++-------
Melee: Trident           ||    28
Armor: Leather armour    ||     4
Dodge: Dodged            ||    25

Table legend: (Time is in decaauts)
 A = Elapsed time spent in this place.
 B = Non-inter-level travel time spent in this place.
 C = Inter-level travel time spent in this place.
 D = Time resting spent in this place.
 E = Time spent auto-exploring this place.
 F = Levels seen in this place.
 G = Mean time per level.
                   A        B        C        D        E       F      G
               +--------+--------+--------+--------+--------+-----+--------+
         Total |    331 |    331 |      0 |      0 |    283 |   2 |  165.5 |
       Dungeon |    331 |    331 |      0 |      0 |    283 |   2 |  165.5 |
               +--------+--------+--------+--------+--------+-----+--------+

Top non-repeatable levels by time:
     D:1: 314 daAuts
     D:2: 17 daAuts
